 Dungeon Crawl Stone Soup version 0.28-a0-863-g8cecda6153 (webtiles) character file.

Game seed: 12262085625637051198

366635 EnegeticOcto the Acrobat (level 22, 0/209 HPs)
             Began as a Merfolk Chaos Knight on Nov 19, 2021.
             Was a Favourite Plaything of Xom.
             Succumbed to a vault warden's poison
             ... on level 4 of the Vaults.
             The game lasted 01:19:08 (37604 turns).

EnegeticOcto the Acrobat (Merfolk Chaos Knight)    Turns: 37604, Time: 01:19:38

Health: 0/209      AC: 23    Str: 28    XL:     22   Next: 57%
Magic:  2/22       EV: 25    Int: 12    God:    Xom [...*..]
Gold:   1489       SH: 14    Dex: 20    Spells: 21/21 levels left

rFire   + + .      SeeInvis .   a - +9 demon trident (chaos)
rCold   + . .      Faith    .   l - +0 kite shield {rF+}
rNeg    + . .      Spirit   +   Z - +1 chain mail {Will+}
rPois   +          Reflect  .   (no helmet)
rElec   .          Harm     .   O - +1 cloak of the Rotten Meadowlark {rC+ Int+2}
rCorr   .          Rampage  .   T - +2 pair of gloves
Will    +++..      Clarity  +   C - +2 pair of boots
Stlth   +.........              o - amulet of Aroprim {Spirit rF+ rN+ Regen+ Dex-2}
HPRegen 2.44/turn               P - +4 ring of slaying
MPRegen 0.18/turn               F - ring of Lara {Str+6 Dex+7}

@: lethally poisoned (0 -> -60)
A: (nimble swimmer 2), mertail, clarity, dopey 1, strong-willed 1, sense
surroundings 1, poison resistance, regeneration 1, robust 1, screaming 1, shaggy
fur 1, strong 1, no potion heal 1, sturdy frame 2, noise suppression
}: 2/15 runes: decaying, serpentine
a: Renounce Religion


You were on level 4 of the Vaults.
You worshipped Xom.
You were a favourite toy of Xom.
You visited 6 branches of the dungeon, and saw 35 of its levels.
You visited 1 bazaar.
You also visited: Sewer, Bailey, Ice Cave and Desolation.

You collected 6003 gold pieces.
You spent 4514 gold pieces at shops.

Inventory:

Hand Weapons
 a - a +9 demon trident of chaos (weapon)
   (You took it off Urug on level 3 of the Lair of Beasts)
Missiles
 q - 6 curare-tipped darts (quivered)
Armour
 l - a +0 kite shield of fire resistance (worn)
   (You took it off Asterion on level 1 of the Snake Pit)
 x - +0 swamp dragon scales
   (You took it off Maggie on level 2 of the Lair of Beasts)
 C - a +2 pair of boots (worn)
   (You found it on level 7 of the Dungeon)
 O - the +1 cloak of the Rotten Meadowlark (worn) {rC+ Int+2}
   (You acquired it on level 3 of the Snake Pit)

   Int:       It affects your intelligence (+2).
   rC:        It protects you from cold.
 T - a +2 pair of gloves (worn)
   (You found it on level 6 of the Lair of Beasts)
 Y - a +0 helmet
   (You found it on level 9 of the Dungeon)
 Z - a +1 chain mail of willpower (worn)
   (You took it off an orc warlord on level 2 of the Orcish Mines)
Jewellery
 o - the amulet of Aroprim (around neck) {Spirit rF+ rN+ Regen+ Dex-2}
   (You found it in an ice cave)

   [amulet of guardian spirit]

   It causes incoming damage to be divided between your reserves of health and
   magic.
   Dex:       It affects your dexterity (-2).
   rF:        It protects you from fire.
   rN:        It protects you from negative energy.
   Regen:     It increases your rate of health regeneration.
 F - the ring of Lara (right hand) {Str+6 Dex+7}
   (You found it on level 10 of the Dungeon)

   [ring of strength]

   Str:       It affects your strength (+6).
   Dex:       It affects your dexterity (+7).
 P - a +4 ring of slaying (left hand)
   (You found it on level 13 of the Dungeon)
Wands
 h - a wand of mindburst (26)
   (You found it on level 6 of the Lair of Beasts)
 E - a wand of paralysis (37)
   (You found it on level 14 of the Dungeon)
 H - a wand of acid (51) {@v1}
   (You found it on level 1 of the Lair of Beasts)
 J - a wand of iceblast (37) {@v2}
   (You found it on level 1 of the Lair of Beasts)
 S - a wand of polymorph (20)
   (You found it on level 6 of the Lair of Beasts)
 U - a wand of digging (14) {@v3}
   (You found it on level 9 of the Dungeon)
 X - a wand of charming (4)
   (Xom gifted it to you on level 9 of the Dungeon)
Scrolls
 d - 11 scrolls of enchant armour
 g - 13 scrolls of teleportation {@r3 !r}
 j - 7 scrolls of fear {!r}
 k - 8 scrolls of immolation
 p - 6 scrolls of magic mapping {@r5 !r}
 s - 8 scrolls of fog {!r}
 w - 7 scrolls of blinking {@r4}
 K - a scroll of holy word
 N - 5 scrolls of enchant weapon
 R - 2 scrolls of vulnerability
 V - a scroll of summoning
Potions
 e - 7 potions of flight
 i - 5 potions of haste {@q4 !q}
 m - 6 potions of ambrosia
 n - 8 potions of heal wounds {@q2 !q}
 r - 3 potions of cancellation
 u - 7 potions of brilliance
 v - 2 potions of invisibility
 z - 2 potions of attraction
 A - 7 potions of might {@q3 !q}
 B - 10 potions of curing {@q1 !q}
 D - 2 potions of berserk rage
 G - 2 potions of mutation
 I - 2 potions of lignification {@q6}
 L - 2 potions of resistance
 M - 2 potions of magic
 W - a potion of degeneration
Miscellaneous
 b - a phantom mirror
   (You found it on level 1 of the Snake Pit)
 c - a box of beasts
   (You bought it in a shop on level 2 of the Orcish Mines)
 f - a phial of floods
   (You found it on level 4 of the Swamp)
 y - a condenser vane
   (You found it in an ice cave)
 Q - a tin of tremorstones (2/2)
   (You found it in a bailey)


   Skills:
 - Level 20.0 Fighting
 - Level 20.0 Polearms
 - Level 12.0 Armour
 + Level 23.0 Dodging
 - Level 3.0 Stealth
 - Level 15.0 Shields
 - Level 18.0 Evocations


You had 21 spell levels left.
You didn't know any spells.
Your spell library contained the following spells:

 Spells                   Type           Power      Damage    Failure   Level
 Animate Skeleton         Necr           0%         N/A       56%         1
 Apportation              Tloc           0%         N/A       56%         1
 Beastly Appendage        Tmut           0%         N/A       56%         1
 Foxfire                  Conj/Fire      0%         2x1d4     56%         1
 Freeze                   Ice            0%         1d3       56%         1
 Magic Dart               Conj           0%         1d3       56%         1
 Pain                     Necr           0%         1d4       56%         1
 Slow                     Hex            0%         N/A       56%         1
 Summon Small Mammal      Summ           0%         N/A       56%         1
 Blink                    Tloc           0%         N/A       71%         2
 Call Imp                 Summ           0%         N/A       71%         2
 Corpse Rot               Necr/Air       0%         N/A       71%         2
 Ensorcelled Hibernation  Hex/Ice        0%         N/A       71%         2
 Static Discharge         Conj/Air       0%         N/A       71%         2
 Wereblood                Tmut           0%         N/A       71%         2
 Confusing Touch          Hex            0%         N/A       90%         3
 Conjure Flame            Conj/Fire      0%         6-21      90%         3
 Dazzling Flash           Conj/Hex       0%         N/A       90%         3
 Gell's Gravitas          Tloc           0%         N/A       90%         3
 Ignite Poison            Fire/Tmut/Pois 0%         N/A       90%         3
 Inner Flame              Hex/Fire       0%         N/A       90%         3
 Mephitic Cloud           Conj/Pois/Air  0%         N/A       90%         3
 Ozocubu's Armour         Ice            0%         N/A       90%         3
 Portal Projectile        Hex/Tloc       0%         N/A       90%         3
 Spider Form              Tmut/Pois      0%         N/A       90%         3
 Stone Arrow              Conj/Erth      0%         3d7       90%         3
 Teleport Other           Tloc           0%         N/A       90%         3
 Tukima's Dance           Hex            0%         N/A       90%         3
 Vampiric Draining        Necr           0%         2d6       90%         3
 Animate Armour           Summ/Erth      0%         N/A       100%        4
 Cause Fear               Hex            0%         N/A       100%        4
 Dispel Undead            Necr           0%         3d6       100%        4
 Olgreb's Toxic Radiance  Pois           0%         N/A       100%        4
 Passage of Golubria      Tloc           0%         N/A       100%        4
 Sticky Flame             Conj/Fire      0%         2d3       100%        4
 Agony                    Necr           0%         N/A       100%        5
 Alistair's Intoxication  Tmut/Pois      0%         N/A       100%        5
 Blade Hands              Tmut           0%         N/A       100%        5
 Excruciating Wounds      Necr           0%         N/A       100%        5
 Fireball                 Conj/Fire      0%         3d3       100%        5
 Freezing Cloud           Conj/Ice/Air   0%         6-21      100%        5
 Lightning Bolt           Conj/Air       0%         1d11      100%        5
 Silence                  Hex/Air        0%         N/A       100%        5
 Yara's Violent Unravell  Hex/Tmut       0%         3d3       100%        5
 Death Channel            Necr           0%         N/A       100%        6
 Dispersal                Tloc           0%         N/A       100%        6
 Iron Shot                Conj/Erth      0%         9d1       100%        6
 Ozocubu's Refrigeration  Ice            0%         4d5       100%        7
 Discord                  Hex            0%         N/A       100%        8
 Disjunction              Tloc           0%         N/A       100%        8
 Ignition                 Fire           0%         3d3       100%        8
 Lehudib's Crystal Spear  Conj/Erth      0%         10d2      100%        8
 Maxwell's Capacitive Co  Air            0%         ∞         100%        8
 Chain Lightning          Conj/Air       0%         N/A       100%        9
 Fire Storm               Conj/Fire      0%         5d1       100%        9
 Polar Vortex             Ice            0%         N/A       100%        9
 Shatter                  Erth           0%         3d5*      100%        9


Dungeon Overview and Level Annotations

Branches:
Dungeon (15/15)            Temple (0/1) D:6            Lair (6/6) D:8
  Swamp (4/4) Lair:4        Snake (4/4) Lair:4        Slime (0/5) Lair:5
    Orc (2/2) D:12            Elf (0/3) Orc:2        Vaults (4/5) D:13
  Crypt (0/3) Vaults:2     Depths (0/4) D:15          Sewer (visited)
 Bailey (visited)           IceCv (visited)         Desolation (visited)

Altars:
Ashenzari
Cheibriados
Fedhas
Kikubaaqudgha
Nemelex Xobeh
Qazlal
Xom
Beogh
Jiyva

Shops:
D:2 ?   Orc:2 *[:(*   Snake:2 *:([[   Snake:4 *[?(*   Vaults:3 (   Vaults:4 :

Portals:
Trove: D:13 (give +5 demon whip)

Annotations:
D:3 2 transporters, Grinder
D:15 3 runed translucent doors, exclusion: 3 doors, Hucluil's ghost, journeyman NaIE
Lair:2 Gastronok
Lair:4 1 runed translucent door


Innate Abilities, Weirdness & Mutations

((You are quick and stealthy near water. (Stealth+, EV+, Speed+++)))
Your lower body shifts to a powerful aquatic tail in water.
You possess an exceptional clarity of mind.
You are dopey. (Int -2)
You are strong-willed. (Will+)
You passively map a small area around you.
Your system is resistant to poisons. (rPois)
Your natural rate of healing is unusually fast.
You are robust. (+10% HP)
You occasionally shout uncontrollably at your foes.
You are covered in fur. (AC +1)
Your muscles are strong. (Str +2)
Potions are less effective at restoring your health.
Your movements are less encumbered by armour. (ER -4)
You passively dampen the noise of your surroundings.


Message History

There are monsters nearby!
The ironbound convoker points at the vault warden and mumbles some strange words.
The vault warden seems to grow stronger.
The vault warden activates a sealing rune.
A door slams shut!
You are pushed out of the doorway!
You impale the vault guard!!
The vault guard is moderately wounded.
You block the vault guard's attack.
You puncture the vault guard!
The vault guard is heavily wounded.
You puncture the vault guard!
The vault guard seems to grow stronger.
The vault guard is heavily wounded.
The vault guard hits you with a +0 war axe!
The vault guard hits you from afar with a +1 glaive.
The vault warden barely misses you.
You impale the vault guard!!
The vault guard looks as sick as possible!
The vault guard is almost dead.
The vault guard hits you with a +0 war axe.
You barely miss the vault guard.
The vault guard is almost dead.
You kill the vault guard!
You block the vault warden's attack.
The vault guard hits you from afar with a +1 glaive.
You impale the ironbound convoker!! You freeze the ironbound convoker!
The ironbound convoker is severely wounded.
The ironbound convoker hits you but does no damage.
You block the vault guard's attack. You block the vault warden's attack.
You puncture the ironbound convoker! You freeze the ironbound convoker.
You kill the ironbound convoker!
Your Dodging skill increases to level 23!
You reach to attack!
You hit the vault guard but do no damage.
The vault guard is poisoned.
The vault warden hits you from afar with a +3 bardiche of venom!!!
You are poisoned.
The vault guard hits you but does no damage.
You reach to attack!
You puncture the vault guard!
You feel better.
The vault guard is lightly wounded.
You feel extremely sick.
You reach to attack!
You puncture the vault guard! You freeze the vault guard!
The vault guard is heavily wounded.
You feel extremely sick. You block the vault guard's attack.
The vault warden closely misses you.
You reach to attack!
You impale the vault guard!! You burn the vault guard!
The vault guard is almost dead.
You feel extremely sick. The vault guard barely misses you.
The vault warden hits you from afar with a +3 bardiche of venom!!!
You are too injured to fight recklessly!
You are too injured to fight recklessly!
You are too injured to fight recklessly!
You are too injured to fight recklessly!
You are too injured to fight recklessly!
You are too injured to fight recklessly!
You are too injured to fight recklessly!
You are too injured to fight recklessly!
You are too injured to fight recklessly!
You are too injured to fight recklessly!
You are too injured to fight recklessly!
You are too injured to fight recklessly!
You are too injured to fight recklessly!
You are too injured to fight recklessly!
You are too injured to fight recklessly!
You are too injured to fight recklessly!
You are too injured to fight recklessly!
Reach: a) +9 demon trident (chaos)
Press: ? - help, Dir - move target, f/p - vault guard
Aim: a vault guard, wielding a +1 glaive and wearing a +0 chain mail (almost dead, very poisoned, about 21% to evade your +9 demon trident of chaos)
You reach to attack!
You impale the vault guard!!
You kill the vault guard!
You feel very sick.
Reach: a) +9 demon trident (chaos)
Press: ? - help, Dir - move target, f - vault warden
Aim: a vault warden, wielding a +3 bardiche of venom and wearing a +0 plate armour (strong, about 19% to evade your +9 demon trident of chaos)
You reach to attack!
You hit the vault warden. You burn the vault warden.
The vault warden is lightly wounded.
The runic seals fade away.
You feel very sick.
The vault warden hits you from afar with a +3 bardiche of venom!!!
* * * LOW HITPOINT WARNING * * *
Reach: a) +9 demon trident (chaos)
Press: ? - help, Dir - move target, f/p - vault warden
Aim: a vault warden, wielding a +3 bardiche of venom and wearing a +0 plate armour (lightly wounded, strong, about 19% to evade your +9 demon trident of chaos)
You reach to attack!
You barely miss the vault warden.
The vault warden is lightly wounded.
You feel very sick.
Really quaff
n - 9 potions of heal wounds {@q2 !q}?
Your system partially rejects the healing.
You feel much better.
The runic seal fades away.
You feel very sick.
The vault warden hits you from afar with a +3 bardiche of venom!!!
* * * LOW HITPOINT WARNING * * *
You are lethally poisoned!
Okay, then.
Blink to where?
Press: ? - help, Dir - move target, p - vault warden
As you read the scroll of blinking {@r4}, it crumbles to dust.
You die...
Xom titters!

#..........# #.
#..........# #.
#####+###### #.
#.§.)..# #. *
*#.))p..# ## *
#......# ##### #) ,
, +......###...####.
,,#......##.....##..
+@.....##.....##..
*,
#########....##... ∆
, #...##..#. ,
#....).... *
#.........
#...##..#.
#....##...
#.....##..
#.....##..


You could see a vault warden (strong).

Vanquished Creatures
  Sojobo (Vaults:3)
  the Lernaean hydra (Swamp:4)
  A tentacled monstrosity (Swamp:2)
  A lich (Vaults:4)
  Asterion (Snake:1)
  A titan (Vaults:4)
  Rupert (Orc:2)
  A quicksilver dragon (Vaults:1)
  2 sphinxes
  2 tengu reavers (Vaults:3)
  Agnes (Snake:4)
  Kirke (Snake:3)
  Frances (Snake:1)
  A nagaraja (Snake:2)
  A fenstrider witch (Swamp:3)
  A fire giant (Vaults:4)
  An azure jelly (IceCv)
  7 orc warlords
  Aizul (Swamp:2)
  A ghost moth (Vaults:2)
  6 vault wardens
  2 quicksilver oozes (IceCv)
  2 very ugly things (shapeshifter)
  12 ironbound preservers
  A war gargoyle (Vaults:2)
  15 very ugly things
  2 vampire knights (Vaults:2)
  2 bunyips
  An entropy weaver (Vaults:2)
  18 dire elephants
  3 crystal guardians
  An eleionoma (Swamp:3)
  2 ettins
  A jiangshi (Vaults:2)
  2 green deaths (Swamp:4)
  An eidolon (Vaults:2)
  Josephine (D:12)
  8 ragged hierophants (Desolation)
  4 great orbs of eyes
  Fannar (Orc:1)
  4 ironbound thunderhulks
  3 salamander tyrants (Snake:4)
  18 yaktaur captains
  2 spriggan air magi
  12 peacekeepers
  16 naga warriors
  3 boulder beetles
  14 vault guards
  A catoblepas (Lair:6)
  19 hydras
  4 ogre magi
  9 servants of whispers (Desolation)
  A ghost crab (Swamp:4)
  2 death knights
  5 centaur warriors
  6 ironbound frosthearts
  16 anacondas
  8 alligators
  A spriggan berserker (Swamp:4)
  A deep troll shaman (Lair:6)
  9 death yaks
  16 two-headed ogres
  2 tengu warriors
  Urug (Lair:3)
  A vampire mage (Swamp:4)
  11 shock serpents
  A shock serpent (shapeshifter) (Snake:4)
  11 naga sharpshooters (Snake:4)
  An orc high priest (Orc:2)
  4 salamander mystics (Snake:4)
  A skeletal warrior (D:12)
  Sonja (Lair:6)
  5 goliath frogs
  5 spriggan druids
  6 swamp dragons (Swamp:4)
  6 naga ritualists
  9 wizards
  25 deep trolls
  14 lindwurms
  9 bog bodies
  17 mana vipers
  3 necromancers
  18 ironbound convokers
  17 orc knights
  3 deep elf pyromancers
  8 salamanders (Snake:4)
  A wolf spider (Snake:4)
  2 shining eyes (Vaults:2)
  3 manticores
  3 will-o-the-wisps
  34 ugly things
  4 orc sorcerers
  A moth of wrath (Vaults:2)
  6 cyclopes
  11 guardian serpents
  A stone giant skeleton (Vaults:4)
  Maurice (D:9)
  15 elephants
  27 black mambas
  A fire giant skeleton (Vaults:4)
  An ice statue (IceCv)
  18 naga magi
  11 vault sentinels
  A cane toad (shapeshifter) (D:13)
  3 molten gargoyles (Desolation)
  5 gargoyles
  10 cane toads
  A kobold demonologist (D:9)
  Maggie (Lair:2)
  Psyche (D:9)
  8 komodo dragons
  36 yaktaurs
  3 orange demons (Swamp:4)
  8 rime drakes
  4 freezing wraiths
  A yaktaur (shapeshifter) (D:13)
  An entropy weaver simulacrum (IceCv)
  A tengu conjurer (D:15)
  2 jumping spiders
  3 meliai (D:15)
  4 polar bears
  A jumping spider (shapeshifter) (Vaults:3)
  A bloated husk (Swamp:2)
  8 trolls
  6 dream sheep
  Prince Ribbit (D:7)
  10 tyrant leeches
  51 slime creatures
  55 saltlings
  9 hornets
  A deep troll zombie (Vaults:4)
  8 blink frogs
  2 shadows (Swamp:4)
  2 redbacks (Vaults:2)
  A shapeshifter (Vaults:4)
  13 spriggans
  3 wyverns
  34 yaks
  A tarantella (Bailey)
  A human (D:13)
  6 wraiths
  A hog (Snake:3)
  A hog (shapeshifter) (Snake:2)
  A basilisk (shapeshifter) (Snake:4)
  11 basilisks
  4 steam dragons
  An elf skeleton (Vaults:4)
  8 vampire mosquitoes
  51 nagas
  2 acid dragons
  5 wargs
  3 demonic crawler simulacra (IceCv)
  2 large abominations (Swamp:4)
  20 swamp worms
  14 water moccasins
  2 floating eyes (Vaults:2)
  A meliai simulacrum (D:15)
  54 orc warriors
  2 swamp drakes (Swamp:1)
  3 black bears
  14 ogres
  A sky beast (Lair:1)
  3 ugly thing simulacra (IceCv)
  4 ice beasts
  13 wolves
  3 centaurs
  2 phantoms (D:12)
  A lemure (D:6)
  Blork the orc (Orc:2)
  8 bullfrogs
  2 kobold brigands
  A wyvern zombie (D:7)
  2 gnoll sergeants (D:9)
  2 glowing shapeshifter simulacra (IceCv)
  5 troll zombies (D:12)
  4 killer bees (D:8)
  11 wights
  6 electric eels
  A howler monkey (D:6)
  6 centaur zombies
  5 hounds (D:8)
  2 gnoll shamans (D:8)
  2 jellies
  18 orc priests
  17 orc wizards
  3 centaur skeletons
  Terence (D:2)
  An iguana (D:5)
  A merfolk avatar (Sewer)
  2 merfolk sirens (Sewer)
  10 hell rats (D:14)
  An ogre zombie (D:12)
  A hound zombie (D:5)
  A hound skeleton (D:4)
  2 howler monkey zombies
  7 adders
  27 gnolls
  A shadow imp (D:6)
  4 white imps
  2 ufetubi
  An adder skeleton (D:4)
  3 worms
  4 dart slugs
  70 orcs
  10 ball pythons
  8 endoplasms
  29 goblins
  27 hobgoblins
  14 kobolds
  6 quokkas
  5 bats
  5 frilled lizards (Sewer)
  A goblin zombie (D:12)
  A hobgoblin skeleton (D:12)
  3 hobgoblin zombies (D:12)
  14 orc zombies (D:12)
  27 rats
1521 creatures vanquished.

Vanquished Creatures (collateral kills)
  Jory (Vaults:2)
  A very ugly thing (Vaults:4)
  A halazid warlock (Desolation)
  A bunyip (Swamp:4)
  2 anacondas (Snake:4)
  A deep troll (Vaults:2)
  Pikel (D:6)
  An ugly thing (D:12)
  A salamander (Snake:4)
  A yaktaur (Vaults:3)
  A tyrant leech (Swamp:4)
  4 saltlings (Desolation)
  Eustachio (D:6)
  A naga (Snake:4)
  An orc (Orc:2)
19 creatures vanquished.

Vanquished Creatures (others)
  A crystal guardian (Vaults:1)
  An ironbound thunderhulk (Vaults:4)
  A hydra (D:14)
  2 dancing weapons
  A naga ritualist (Snake:4)
  2 lindwurms (Vaults:1)
  2 orc knights (Vaults:2)
  An elephant (Lair:6)
  A naga mage (Snake:2)
  An entropy weaver simulacrum (IceCv)
  A bloated husk (Swamp:1)
  A jumping spider (D:11)
  2 saltlings (Desolation)
  A hornet (Swamp:2)
  A slime creature (Vaults:2)
  10 foxfires (Swamp:4)
  21 fungi
  3 pillars of salt (Desolation)
  37 plants
  4 toadstools (D:1)
  A withered plant (Desolation)
95 creatures vanquished.

Grand Total: 1635 creatures vanquished

Notes
Turn   | Place    | Note
-------+----------+-------------------------------------------
     0 | D:1      | EnegeticOcto the Merfolk Chaos Knight began the quest for
                  | the Orb.
     0 | D:1      | Reached XP level 1. HP: 18/18 MP: 1/1
   127 | D:1      | Reached skill level 1 in Stealth
   152 | D:1      | Reached XP level 2. HP: 24/24 MP: 2/2
   167 | D:1      | Found a faded altar of an unknown god.
   208 | D:1      | XOM: silly message
   241 | D:1      | Reached skill level 5 in Polearms
   517 | D:1      | Reached skill level 2 in Stealth
   712 | D:2      | Reached XP level 3. HP: 29/29 MP: 3/3
   870 | D:2      | Found Osyll's Magic Scroll Shoppe.
   888 | D:2      | Bought a scroll of identify for 20 gold pieces
  1252 | D:2      | XOM: divination: detect creatures
  1432 | D:2      | XOM: give mutations
  1432 | D:2      | Gained mutation: You are partially covered in iridescent
                  | scales. (AC +2) [Xom's grace]
  1432 | D:2      | Gained mutation: Your natural rate of healing is unusually
                  | fast. [Xom's grace]
  1432 | D:2      | Gained mutation: Your mind is acute. (Int +2) [Xom's grace]
  1477 | D:2      | XOM: 3-stop teleportation journey
  1734 | D:2      | Noticed Terence
  1774 | D:2      | Killed Terence
  1775 | D:2      | Reached skill level 6 in Polearms
  1775 | D:2      | Reached skill level 3 in Stealth
  1775 | D:2      | Reached XP level 4. HP: 35/35 MP: 4/4
  2120 | D:2      | XOM: silly message
  2171 | D:2      | Bought a scroll of immolation for 35 gold pieces
  2177 | D:3      | Found a transporter.
  2226 | D:3      | Noticed a small abomination
  2261 | D:3      | Found a transporter.
  2261 | D:3      | Noticed a small abomination
  2329 | D:3      | Noticed Grinder
  2714 | D:4      | Found a glowing drain.
  2736 | Sewer    | Entered a sewer
  2763 | Sewer    | Reached XP level 5. HP: 41/41 MP: 5/5
  2793 | Sewer    | XOM: noise
  2808 | Sewer    | XOM: chaos cloud
  2822 | Sewer    | Reached skill level 7 in Polearms
  3045 | Sewer    | Noticed a malarious merfolk avatar
  3057 | Sewer    | XOM: polymorph frilled lizard -> ball python
  3070 | Sewer    | XOM: summons friendly white imp
  3072 | Sewer    | Killed a malarious merfolk avatar
  3073 | Sewer    | Reached skill level 4 in Fighting
  3532 | D:4      | You fall into a shaft and drop 2 floors!
  3532 | D:6      | Found a staircase to the Ecumenical Temple.
  3537 | D:6      | Noticed Eustachio
  3571 | D:6      | Reached XP level 6. HP: 49/49 MP: 6/6
  3573 | D:5      | Entered Level 5 of the Dungeon
  3573 | D:5      | Noticed an ice beast
  3579 | D:5      | Killed an ice beast
  3580 | D:5      | Reached skill level 8 in Polearms
  3627 | D:5      | Reached skill level 5 in Fighting
  3684 | D:5      | XOM: torment (27/51 hp)
  3733 | D:5      | Reached XP level 7. HP: 37/56 MP: 7/7
  3736 | D:5      | XOM: 4-stop teleportation journey
  3746 | D:5      | Reached skill level 9 in Polearms
  3756 | D:5      | XOM: destruction
  3779 | D:5      | XOM: 5-stop teleportation journey
  3783 | D:5      | Found a snail-covered altar of Cheibriados.
  4013 | D:4      | Identified a scroll of acquirement
  4015 | D:4      | Acquired the +4 glaive "Lyatzim" {spect, rF++ Int-5}
  4297 | D:5      | Reached skill level 6 in Fighting
  4297 | D:5      | Reached skill level 3 in Dodging
  4351 | D:5      | XOM: enchant monster (bad)
  4553 | D:5      | Reached skill level 10 in Polearms
  4553 | D:5      | Reached XP level 8. HP: 64/64 MP: 8/8
  4816 | D:6      | XOM: stat loss: -1 Int (7/8)
  4821 | D:6      | Reached skill level 4 in Dodging
  4830 | D:6      | XOM: scenery: create altars
  4909 | D:6      | Reached skill level 11 in Polearms
  4929 | D:6      | XOM: divination: detect items
  4954 | D:6      | Killed Eustachio
  4955 | D:6      | Reached skill level 5 in Dodging
  5023 | D:6      | Noticed Pikel
  5031 | D:6      | Killed Pikel
  5032 | D:6      | Reached skill level 7 in Fighting
  5032 | D:6      | Reached skill level 12 in Polearms
  5032 | D:6      | Reached skill level 6 in Dodging
  5032 | D:6      | Reached XP level 9. HP: 72/72 MP: 9/9
  5132 | D:6      | XOM: scenery: create altars
  5732 | D:7      | XOM: scenery: create altars
  5738 | D:7      | Noticed a hornet
  5740 | D:7      | Noticed Prince Ribbit
  5743 | D:7      | Killed a hornet
  5744 | D:7      | Reached skill level 13 in Polearms
  5830 | D:7      | Killed Prince Ribbit
  5831 | D:7      | Reached skill level 8 in Fighting
  5831 | D:7      | Reached skill level 7 in Dodging
  6245 | D:8      | Noticed a troll
  6252 | D:8      | XOM: divination: detect creatures
  6259 | D:8      | Killed a troll
  6260 | D:8      | Reached skill level 14 in Polearms
  6318 | D:8      | Reached XP level 10. HP: 82/82 MP: 10/10
  6322 | D:8      | Reached skill level 8 in Dodging
  6468 | D:8      | Reached skill level 15 in Polearms
  6511 | D:8      | Found a staircase to the Lair.
  6566 | D:8      | Reached skill level 9 in Fighting
  6807 | D:9      | Noticed a kobold demonologist
  6808 | D:9      | Killed a kobold demonologist
  6812 | D:9      | Noticed Psyche
  6849 | D:9      | XOM: god gift: wand of charming (4)
  6852 | D:9      | Noticed Maurice
  7023 | D:9      | XOM: divination: magic mapping
  7055 | D:10     | Entered Level 10 of the Dungeon
  7100 | D:10     | Reached skill level 9 in Dodging
  7158 | D:10     | Reached skill level 16 in Polearms
  7169 | D:10     | XOM is BORED!
  7169 | D:10     | XOM: noise
  7189 | D:10     | Identified the ring of Lara {Str+6 Dex+7}
  7316 | D:10     | Noticed a gargoyle
  7318 | D:10     | XOM: smoke on damage
  7319 | D:10     | Killed a gargoyle
  7701 | D:10     | XOM: cloud trail
  7769 | D:8      | XOM is BORED!
  7780 | Lair:1   | Entered Level 1 of the Lair of Beasts
  7818 | Lair:1   | You fall into a shaft and drop 1 floor!
  7830 | Lair:2   | Reached XP level 11. HP: 86/90 MP: 11/11
  7846 | Lair:2   | Reached skill level 10 in Fighting
  7846 | Lair:2   | Reached skill level 10 in Dodging
  7903 | Lair:2   | Reached skill level 17 in Polearms
  7931 | Lair:2   | Noticed Maggie
  8173 | Lair:2   | Killed Maggie
  8199 | Lair:2   | Noticed a death yak
  8199 | Lair:2   | Noticed a death yak
  8200 | Lair:2   | Noticed a death yak
  8210 | Lair:2   | XOM: scenery: summon butterflies
  8218 | Lair:2   | Killed a death yak
  8222 | Lair:2   | Killed a death yak
  8227 | Lair:2   | Killed a death yak
  8228 | Lair:2   | Reached skill level 18 in Polearms
  8233 | Lair:2   | Reached skill level 11 in Dodging
  8301 | Lair:2   | Noticed Gastronok
  8657 | Lair:2   | XOM: cloud trail
  8791 | Lair:2   | XOM: 3-stop teleportation journey
  8919 | Lair:1   | XOM: summons 6 hostile demons
  8969 | Lair:1   | Reached skill level 11 in Fighting
  9165 | Lair:1   | Reached skill level 1 in Evocations
  9277 | Lair:1   | Reached XP level 12. HP: 100/100 MP: 12/12
  9296 | Lair:1   | XOM: polymorph wolf -> sky beast
  9308 | Lair:1   | Reached skill level 19 in Polearms
  9525 | Lair:3   | Reached skill level 2 in Evocations
  9741 | Lair:3   | XOM: 1-stop teleportation journey
  9819 | Lair:3   | XOM: blink monster(s)
  9822 | Lair:3   | Reached skill level 12 in Dodging
  9909 | Lair:3   | Reached skill level 3 in Evocations
  9909 | Lair:3   | Noticed Urug
  9916 | Lair:3   | Killed Urug
  9927 | Lair:3   | XOM: divination: magic mapping
  9937 | Lair:3   | Acquired 490 gold pieces
 10177 | Lair:4   | Found a runed translucent door.
 10324 | Lair:4   | XOM: divination: detect items
 10329 | Lair:4   | XOM: cast spell 'Olgreb's Toxic Radiance'
 10335 | Lair:4   | Reached skill level 1 in Shields
 10390 | Lair:4   | Reached skill level 20 in Polearms
 10398 | Lair:4   | Reached skill level 4 in Evocations
 10404 | Lair:4   | Reached skill level 2 in Shields
 10506 | Lair:4   | Noticed a seven-headed hydra
 10525 | Lair:4   | Killed a seven-headed hydra
 10526 | Lair:4   | Reached skill level 12 in Fighting
 10621 | Lair:4   | XOM: silly message
 10674 | Lair:4   | Found a staircase to the Snake Pit.
 10811 | Lair:4   | Noticed an eight-headed hydra
 10829 | Lair:4   | Killed an eight-headed hydra
 10830 | Lair:4   | Reached skill level 13 in Dodging
 10830 | Lair:4   | Reached skill level 3 in Shields
 10836 | Lair:4   | XOM: 2-stop teleportation journey
 10859 | Lair:4   | XOM: give mutation
 10859 | Lair:4   | Gained mutation: You have sharp fingernails. [Xom's grace]
 10902 | Lair:4   | Reached XP level 13. HP: 109/109 MP: 13/13
 11219 | Lair:4   | Reached skill level 4 in Shields
 11222 | Lair:4   | XOM: draining
 11239 | Lair:4   | Found a staircase to the Swamp.
 11720 | Lair:5   | XOM: noise
 11722 | Lair:5   | XOM: enchant monster (bad)
 11728 | Lair:5   | XOM: noise
 11738 | Lair:5   | Reached skill level 13 in Fighting
 11738 | Lair:5   | XOM: polymorph elephant -> jumping spider
 11739 | Lair:5   | Reached skill level 14 in Dodging
 11786 | Lair:5   | Found a viscous altar of Jiyva.
 11791 | Lair:5   | Found a staircase to the Slime Pits.
 12083 | Lair:5   | XOM: divination: detect creatures
 12170 | Lair:5   | XOM is BORED!
 12445 | Lair:6   | Entered Level 6 of the Lair of Beasts
 12445 | Lair:6   | XOM: scenery: create altars
 12495 | Lair:6   | Found a frozen archway.
 12506 | IceCv    | XOM: noise
 12506 | IceCv    | Entered an ice cave
 12522 | IceCv    | XOM: cast spell 'Alistair's Intoxication'
 12563 | IceCv    | Found a viscous altar of Jiyva.
 12563 | IceCv    | Noticed an azure jelly
 12563 | IceCv    | Noticed a quicksilver ooze
 12563 | IceCv    | XOM: 1-stop teleportation journey
 12566 | IceCv    | XOM: summons friendly crimson imp
 12570 | IceCv    | Killed a quicksilver ooze
 12571 | IceCv    | Reached skill level 15 in Dodging
 12571 | IceCv    | XOM: summons 7 friendly demons
 12572 | IceCv    | Killed an azure jelly
 12587 | IceCv    | Identified the amulet of Aroprim {Spirit rF+ rN+ Regen+
                  | Dex-2}
 12594 | IceCv    | XOM: noise
 12603 | IceCv    | Reached skill level 14 in Fighting
 12626 | IceCv    | XOM: divination: detect creatures
 12644 | IceCv    | XOM: potion effect (brilliance)
 12757 | IceCv    | XOM: potion effect (might)
 12769 | IceCv    | XOM: potion effect (brilliance)
 12774 | IceCv    | XOM: silly message
 12778 | IceCv    | Noticed a quicksilver ooze
 12783 | IceCv    | XOM: potion effect (berserk rage)
 12785 | IceCv    | Killed a quicksilver ooze
 13157 | IceCv    | XOM: give mutation
 13157 | IceCv    | Gained mutation: You are somewhat resistant to further
                  | mutation. [Xom's mischief]
 13197 | Lair:6   | XOM: swap monsters
 13252 | Lair:6   | XOM: swap monsters
 13256 | Lair:6   | XOM: noise
 13260 | Lair:6   | Reached skill level 16 in Dodging
 13264 | Lair:6   | Reached XP level 14. HP: 112/121 MP: 12/14
 13265 | Lair:6   | XOM: enchant monster (bad)
 13265 | Lair:6   | Noticed Sonja
 13270 | Lair:6   | Killed Sonja
 13351 | Lair:6   | XOM: 1-stop teleportation journey
 13357 | Lair:6   | Reached skill level 15 in Fighting
 13359 | Lair:6   | XOM: divine lightning
 13497 | Lair:6   | XOM: 3-stop teleportation journey
 13500 | Lair:6   | XOM: noise
 13623 | Lair:6   | Reached skill level 17 in Dodging
 13647 | Lair:6   | XOM: silly message
 14038 | Lair:6   | XOM: destruction
 14330 | D:9      | Killed Psyche
 14338 | D:9      | XOM: cleaving
 14341 | D:9      | XOM: destruction
 14345 | D:9      | Killed Maurice
 14920 | D:11     | XOM: 2-stop teleportation journey
 14994 | D:11     | XOM is BORED!
 14994 | D:11     | XOM: 1-stop teleportation journey
 15130 | D:11     | XOM: summons 3 hostile shadow creatures
 15143 | D:11     | Reached skill level 16 in Fighting
 15148 | D:11     | XOM: stat loss: -1 Dex (25/26)
 15164 | D:11     | XOM: stat loss: -1 Dex (24/26)
 15165 | D:11     | XOM: give mutations
 15165 | D:11     | Lost mutation: Your mind is acute. (Int +2) [Xom's
                  | mischief]
 15165 | D:11     | Gained mutation: You are frail. (-10% HP) [Xom's mischief]
 15167 | D:11     | XOM: polymorph yak -> jumping spider
 15171 | D:11     | XOM: divine lightning
 15180 | D:11     | XOM: 1-stop teleportation journey
 15297 | D:11     | XOM: give mutations
 15297 | D:11     | Lost mutation: You are somewhat resistant to further
                  | mutation. [Xom's mischief]
 15297 | D:11     | Gained mutation: Your body sometimes deteriorates upon
                  | taking damage. [Xom's mischief]
 15297 | D:11     | Gained mutation: You occasionally shout uncontrollably at
                  | your foes. [Xom's mischief]
 15297 | D:11     | Lost mutation: You are frail. (-10% HP) [Xom's mischief]
 15439 | D:11     | XOM: confuse monster(s)
 15441 | D:11     | Reached skill level 18 in Dodging
 16008 | D:12     | XOM: silly message
 16012 | D:12     | XOM: summons 3 friendly demons
 16040 | D:12     | XOM: god gift: +4 ring of evasion
 16266 | D:12     | Reached XP level 15. HP: 130/132 MP: 15/15
 16296 | D:12     | XOM: divination: detect creatures
 16300 | D:12     | Noticed Josephine
 16300 | D:12     | XOM: 1-stop teleportation journey
 16311 | D:12     | Killed Josephine
 16326 | D:12     | You fall into a shaft and drop 2 floors!
 16348 | D:14     | XOM: swap monsters
 16349 | D:14     | Reached skill level 17 in Fighting
 16349 | D:14     | Reached skill level 19 in Dodging
 16364 | D:14     | XOM: enchant monster (bad)
 16489 | D:13     | Found a flagged portal.
 16508 | D:13     | XOM: god gift: scroll labelled COR QA ZOTT {god gift}
 16511 | Bailey   | Entered a bailey
 16686 | Bailey   | Noticed an orc warlord
 16689 | Bailey   | XOM: potion effect (berserk rage)
 16691 | Bailey   | XOM: polymorph orc knight -> tarantella
 16692 | Bailey   | Killed an orc warlord
 16761 | Bailey   | Acquired a +1 buckler of protection
 16778 | Bailey   | Reached skill level 4 in Armour
 16778 | Bailey   | Reached XP level 16. HP: 141/141 MP: 16/16
 16945 | D:12     | XOM: cast spell 'Leda's Liquefaction'
 17124 | D:12     | XOM: enchant monster (bad)
 17253 | D:12     | Found a staircase to the Orcish Mines.
 17388 | D:12     | XOM: confuse monster(s)
 17670 | Orc:1    | Entered Level 1 of the Orcish Mines
 17673 | Orc:1    | XOM: confusion (+ monsters)
 17697 | D:12     | XOM: silly message
 17787 | Orc:1    | Noticed Fannar
 17789 | Orc:1    | XOM: noise
 17793 | Orc:1    | XOM: blink monster(s)
 17800 | Orc:1    | Killed Fannar
 17801 | Orc:1    | Reached skill level 5 in Evocations
 17864 | Orc:1    | XOM: 5-stop teleportation journey
 17923 | Orc:2    | Entered Level 2 of the Orcish Mines
 17955 | Orc:2    | Noticed Rupert
 17960 | Orc:2    | Killed Rupert
 18075 | Orc:2    | XOM: summons 5 friendly demons
 18174 | Orc:1    | Reached skill level 20 in Dodging
 18457 | Orc:2    | Found a staircase to the Elven Halls.
 18516 | Orc:2    | Reached skill level 6 in Evocations
 18783 | Orc:2    | Noticed Blork the orc
 18799 | Orc:2    | Reached skill level 18 in Fighting
 18987 | Orc:2    | Killed Blork the orc
 19119 | Orc:2    | Found Hioluwn's General Store.
 19125 | Orc:2    | XOM: chaos cloud
 19142 | Orc:2    | Found Jiss's Book Shoppe.
 19144 | Orc:2    | Found Miohoat's Antique Armour Shoppe.
 19203 | Orc:2    | XOM: fog
 19222 | Orc:2    | Reached skill level 7 in Evocations
 19325 | Orc:2    | Found Datwam's Gadget Gallery.
 19332 | Orc:2    | XOM: give mutations
 19332 | Orc:2    | Lost mutation: Your body sometimes deteriorates upon taking
                  | damage. [Xom's mischief]
 19332 | Orc:2    | Gained mutation: You sometimes lose the ability to read
                  | scrolls when taking damage. [Xom's mischief]
 19332 | Orc:2    | Gained mutation: You are clumsy. (Dex -2) [Xom's mischief]
 19332 | Orc:2    | Gained mutation: Your body sometimes deteriorates upon
                  | taking damage. [Xom's mischief]
 19335 | Orc:2    | Bought a wand of acid (8) for 288 gold pieces
 19335 | Orc:2    | Bought a wand of acid (6) for 240 gold pieces
 19335 | Orc:2    | Bought a box of beasts for 480 gold pieces
 19381 | Orc:2    | Found Zucw's Weapon Shop.
 19462 | Orc:2    | Found Kioceato's Antique Weapon Shoppe.
 19598 | Orc:2    | Bought a scroll of blinking for 97 gold pieces
 19598 | Orc:2    | Bought a potion of mutation for 104 gold pieces
 19614 | Orc:2    | Bought a crude chain mail for 275 gold pieces
 19614 | Orc:2    | Identified the +0 chain mail "Hausiet" {Harm +Blink Fly
                  | MP+9} (You bought it in a shop on level 2 of the Orcish
                  | Mines)
 19616 | Orc:2    | Bought a smoking chain mail for 275 gold pieces
 19616 | Orc:2    | Identified the +0 chain mail of Fedhas's Inspiration
                  | {*Corrode rN+ Str+8} (You bought it in a shop on level 2 of
                  | the Orcish Mines)
 19618 | Orc:2    | Bought a glowing scale mail for 203 gold pieces
 19620 | Orc:2    | Bought a runed plate armour for 754 gold pieces
 19938 | D:13     | XOM: butterfly on damage
 19938 | D:13     | XOM: smoke on damage
 19943 | D:13     | XOM: confuse monster(s)
 19968 | D:13     | XOM: cloud trail
 20049 | D:13     | Found a stormy altar of Qazlal.
 20081 | D:13     | XOM: cleaving
 20124 | D:13     | Found a gate to the Vaults.
 20134 | D:13     | Reached XP level 17. HP: 138/151 MP: 13/17
 20274 | D:13     | Reached skill level 8 in Evocations
 20396 | D:13     | Found a portal to a secret trove of treasure.
 20583 | D:13     | XOM: chaos cloud
 20668 | D:14     | Found a sparkling altar of Nemelex Xobeh.
 20668 | D:14     | XOM: 2-stop teleportation journey
 20680 | D:14     | Found a blossoming altar of Fedhas.
 20745 | D:14     | XOM: 1-stop teleportation journey
 20957 | D:14     | Reached skill level 19 in Fighting
 21099 | D:14     | Reached skill level 9 in Evocations
 21279 | D:15     | Entered Level 15 of the Dungeon
 21378 | D:15     | XOM: divination: magic mapping
 21404 | D:15     | XOM: noise
 21564 | D:15     | Found a broken altar of Ashenzari.
 21585 | D:15     | Found a runed translucent gate.
 21585 | D:15     | Found a runed translucent gate.
 21586 | D:15     | Noticed a lich
 21587 | D:15     | Found a runed translucent gate.
 21587 | D:15     | Found an ancient bone altar of Kikubaaqudgha.
 21587 | D:15     | Noticed Hucluil's ghost (journeyman NaIE)
 21587 | D:15     | Noticed a lich
 21589 | D:15     | Noticed a lich
 21589 | D:15     | Noticed a lich
 21810 | D:15     | Found a staircase to the Depths.
 21894 | D:15     | XOM: divination: detect creatures
 21898 | D:15     | Reached skill level 10 in Evocations
 22366 | Swamp:1  | Entered Level 1 of the Swamp
 22373 | Swamp:1  | XOM: potion effect (curing)
 22438 | Lair:4   | XOM: silly message
 22449 | Swamp:1  | XOM: silly message
 22546 | Swamp:1  | XOM: confuse monster(s)
 22827 | Swamp:1  | XOM: enchant monster (bad)
 22831 | Swamp:1  | Reached skill level 20 in Fighting
 22962 | Swamp:2  | Reached skill level 11 in Evocations
 23028 | Swamp:2  | Noticed Aizul
 23029 | Swamp:2  | XOM: potion effect (haste)
 23043 | Swamp:2  | Killed Aizul
 23226 | Swamp:2  | XOM: silly message
 23276 | Swamp:2  | Noticed a tentacled monstrosity
 23285 | Swamp:2  | Killed a tentacled monstrosity
 23332 | Swamp:2  | XOM: divination: detect creatures
 23368 | Swamp:2  | XOM: divination: magic mapping
 23453 | Swamp:3  | XOM: silly message
 23463 | Swamp:3  | XOM: smoke on damage
 23473 | Swamp:3  | Reached skill level 12 in Evocations
 23474 | Swamp:3  | XOM: silly message
 23481 | Swamp:3  | XOM: noise
 23553 | Swamp:3  | XOM: fog
 23569 | Swamp:3  | XOM: enchant monster (good)
 23641 | Swamp:3  | Reached XP level 18. HP: 152/162 MP: 15/18
 23651 | Swamp:3  | XOM: 7-stop teleportation journey
 23794 | Swamp:3  | XOM: summons 16 friendly demons
 23962 | Swamp:4  | Entered Level 4 of the Swamp
 23976 | Swamp:4  | Reached skill level 13 in Evocations
 23984 | Swamp:4  | XOM: scenery: summon butterflies
 23987 | Swamp:4  | XOM: scenery: summon butterflies
 24084 | Swamp:4  | XOM: summons 8 friendly demons
 24085 | Swamp:4  | XOM: 3-stop teleportation journey
 24143 | Swamp:4  | Reached skill level 5 in Armour
 24166 | Swamp:4  | XOM: enchant monster (good)
 24511 | Swamp:4  | Reached skill level 6 in Armour
 24619 | Swamp:4  | XOM: confusion (+ monsters)
 24644 | Swamp:4  | Got Sif Muna's Guide on Quantum Clay
 24682 | Swamp:4  | XOM: polymorph cyan very ugly thing -> purple very ugly
                  | thing
 24688 | Swamp:4  | XOM: enchant monster (bad)
 24740 | Swamp:4  | Reached skill level 7 in Armour
 24740 | Swamp:4  | Noticed the 27-headed Lernaean hydra
 24741 | Swamp:4  | XOM: enchant monster (bad)
 24746 | Swamp:4  | XOM: noise
 24748 | Swamp:4  | Killed the 27-headed Lernaean hydra
 24749 | Swamp:4  | XOM: silly message
 24798 | Swamp:4  | XOM: give mutations
 24798 | Swamp:4  | Lost mutation: You sometimes lose the ability to read
                  | scrolls when taking damage. [Xom's mischief]
 24798 | Swamp:4  | Lost mutation: You are partially covered in iridescent
                  | scales. (AC +2) [Xom's mischief]
 24798 | Swamp:4  | Lost mutation: You are clumsy. (Dex -2) [Xom's mischief]
 24818 | Swamp:4  | XOM: give mutations
 24818 | Swamp:4  | Lost mutation: You occasionally shout uncontrollably at
                  | your foes. [Xom's mischief]
 24832 | Swamp:4  | Got a decaying rune of Zot
 24864 | Swamp:4  | XOM: give mutations
 24864 | Swamp:4  | Lost mutation: Your body sometimes deteriorates upon taking
                  | damage. [Xom's mischief]
 24864 | Swamp:4  | Gained mutation: You are frail. (-10% HP) [Xom's mischief]
 24891 | Swamp:4  | Reached skill level 8 in Armour
 24919 | Swamp:4  | XOM: 1-stop teleportation journey
 25127 | Swamp:4  | XOM: give mutations
 25127 | Swamp:4  | Gained mutation: Your muscles are strong. (Str +2) [Xom's
                  | mischief]
 25127 | Swamp:4  | Gained mutation: You are clumsy. (Dex -2) [Xom's mischief]
 25127 | Swamp:4  | Gained mutation: You sometimes lose the ability to read
                  | scrolls when taking damage. [Xom's mischief]
 25129 | Swamp:4  | Lost mutation: Your muscles are strong. (Str +2) [potion of
                  | mutation]
 25129 | Swamp:4  | Lost mutation: You sometimes lose the ability to read
                  | scrolls when taking damage. [potion of mutation]
 25129 | Swamp:4  | Gained mutation: You sometimes lose the ability to read
                  | scrolls when taking damage. [potion of mutation]
 25130 | Swamp:4  | Lost mutation: You are clumsy. (Dex -2) [potion of
                  | mutation]
 25130 | Swamp:4  | Lost mutation: You sometimes lose the ability to read
                  | scrolls when taking damage. [potion of mutation]
 25130 | Swamp:4  | Gained mutation: You are occasionally teleported next to
                  | monsters. [potion of mutation]
 25289 | Snake:1  | Entered Level 1 of the Snake Pit
 25386 | Snake:1  | Noticed Frances
 25480 | Snake:1  | Killed Frances
 25497 | Snake:1  | Reached skill level 5 in Shields
 25582 | Snake:1  | XOM: butterfly on damage
 25596 | Snake:1  | XOM: 2-stop teleportation journey
 25813 | Snake:1  | Reached skill level 6 in Shields
 25864 | Snake:1  | XOM: stat loss: -1 Str (24/25)
 25967 | Snake:1  | XOM: summons 1 hostile demon
 25968 | Snake:1  | XOM: scenery: create altars
 26119 | Snake:1  | XOM: scenery: summon butterflies
 26161 | Snake:1  | XOM: 8-stop teleportation journey
 26232 | Snake:1  | XOM: scenery: create altars
 26612 | Snake:2  | Noticed Asterion
 26612 | Snake:2  | Found Jiuweug's Weapon Shoppe.
 26612 | Snake:2  | Found Gyxounin's Armour Shoppe.
 26612 | Snake:2  | Found Luuro's Armour Boutique.
 26622 | Snake:1  | Killed Asterion
 26640 | Snake:2  | Found Leixilyf's Book Shop.
 26650 | Snake:2  | XOM: stat loss: -1 Int (10/11)
 26777 | Snake:2  | Reached skill level 7 in Shields
 26815 | Snake:2  | Found Tuotun's General Store.
 26826 | Snake:2  | XOM: divination: detect creatures
 26888 | Snake:2  | Bought a potion of heal wounds for 85 gold pieces
 26888 | Snake:2  | Bought a potion of mutation for 136 gold pieces
 26888 | Snake:2  | Bought a potion of cancellation for 136 gold pieces
 26916 | Snake:2  | XOM: god gift: scroll of amnesia
 26982 | Snake:2  | Reached skill level 8 in Shields
 27017 | Snake:2  | XOM: summons 12 friendly demons
 27041 | Snake:2  | XOM: scenery: 1 doors close
 27298 | Snake:2  | XOM: noise
 27302 | Snake:2  | XOM: polymorph naga warrior -> shapeshifter
 27322 | Snake:2  | XOM: confusion (+ monsters)
 27327 | Snake:2  | Reached XP level 19. HP: 152/152 MP: 19/19
 27372 | Snake:2  | Reached skill level 9 in Shields
 27498 | Snake:2  | XOM: noise
 27711 | Snake:3  | XOM: cast spell 'Statue Form'
 27738 | Snake:3  | Noticed Kirke
 27747 | Snake:3  | XOM: scenery: summon butterflies
 27751 | Snake:3  | Killed Kirke
 27921 | Snake:3  | Found a broken altar of Ashenzari.
 27963 | Snake:3  | XOM: give mutations
 27963 | Snake:3  | Gained mutation: Your body sometimes deteriorates upon
                  | taking damage. [Xom's mischief]
 27963 | Snake:3  | Gained mutation: You are dopey. (Int -2) [Xom's mischief]
 27963 | Snake:3  | Gained mutation: You sometimes lose the ability to read
                  | scrolls when taking damage. [Xom's mischief]
 27963 | Snake:3  | Lost mutation: You are occasionally teleported next to
                  | monsters. [Xom's mischief]
 27964 | Snake:3  | Lost mutation: You are frail. (-10% HP) [potion of
                  | mutation]
 27964 | Snake:3  | Lost mutation: You sometimes lose the ability to read
                  | scrolls when taking damage. [potion of mutation]
 27964 | Snake:3  | Gained mutation: Your spells are a little easier to cast,
                  | but a little less powerful. [potion of mutation]
 27964 | Snake:3  | Gained mutation: You are strong-willed. (Will+) [potion of
                  | mutation]
 28140 | Snake:3  | Acquired the +1 cloak of the Rotten Meadowlark {rC+ Int+2}
 28171 | Snake:4  | Entered Level 4 of the Snake Pit
 28174 | Snake:4  | XOM: summons friendly shadow imp
 28186 | Snake:4  | Reached skill level 10 in Shields
 28190 | Snake:4  | XOM: enchant monster (good)
 28250 | Snake:4  | XOM: polymorph anaconda -> glowing shapeshifter
 28256 | Snake:4  | XOM: smoke on damage
 28273 | Snake:4  | Reached skill level 11 in Shields
 28453 | Snake:4  | XOM: cast spell 'Summon Ice Beast'
 28464 | Snake:4  | XOM: potion effect (invisibility)
 28479 | Snake:4  | XOM: noise
 28733 | Snake:4  | XOM: torment (101/169 hp)
 28753 | Snake:4  | Reached skill level 12 in Shields
 28842 | Snake:4  | XOM: summons 4 hostile demons
 28845 | Snake:4  | XOM: swap monsters
 28854 | Snake:4  | XOM: polymorph naga warrior -> wolf spider
 28879 | Snake:4  | Noticed Agnes
 28885 | Snake:4  | Killed Agnes
 29120 | Snake:4  | XOM: silly message
 29121 | Snake:4  | XOM: swap monsters
 29211 | Snake:4  | XOM: summons 2 hostile demons
 29300 | Snake:4  | Found Menteas's General Store.
 29300 | Snake:4  | Found Kudiu's Magic Scroll Boutique.
 29300 | Snake:4  | Found Veeweum's Weapon Emporium.
 29306 | Snake:4  | Reached skill level 13 in Shields
 29310 | Snake:4  | Bought a potion of heal wounds for 80 gold pieces
 29318 | Snake:4  | Found Acaesoemech's Armour Shop.
 29320 | Snake:4  | Bought a scroll of teleportation for 51 gold pieces
 29320 | Snake:4  | Bought a scroll of blinking for 127 gold pieces
 29321 | Snake:4  | Found Uzal's Assorted Antiques.
 29332 | Snake:4  | Bought a wand of iceblast (11) for 164 gold pieces
 29332 | Snake:4  | Bought a scroll labelled MUFE IDEMPA for 41 gold pieces
 29341 | Snake:4  | Bought a scroll of immolation for 59 gold pieces
 29341 | Snake:4  | Bought a scroll of immolation for 59 gold pieces
 29341 | Snake:4  | Bought a scroll of magic mapping for 59 gold pieces
 29548 | Snake:4  | XOM: 9-stop teleportation journey
 29625 | Snake:4  | XOM: give mutations
 29625 | Snake:4  | Gained mutation: Armour fits poorly on your strangely
                  | shaped body. [Xom's mischief]
 29625 | Snake:4  | Gained mutation: You are frail. (-10% HP) [Xom's mischief]
 29625 | Snake:4  | Lost mutation: Armour fits poorly on your strangely shaped
                  | body. [Xom's mischief]
 29774 | Snake:4  | XOM: stat loss: -1 Str (24/25)
 29803 | Snake:4  | XOM: noise
 29806 | Snake:4  | XOM: polymorph guardian serpent -> shapeshifter
 29822 | Snake:4  | XOM: cleaving
 29923 | Snake:4  | XOM: enchant monster (good)
 29971 | Snake:4  | Reached skill level 14 in Shields
 29972 | Snake:4  | XOM: polymorph guardian serpent -> lindwurm
 30017 | Snake:4  | XOM: summons 6 hostile demons
 30112 | Snake:4  | XOM: draining
 30133 | Snake:4  | XOM: chaos cloud
 30134 | Snake:4  | XOM: god gift: wand of iceblast (13)
 30234 | Snake:4  | XOM: silly message
 30265 | Snake:4  | XOM: silly message
 30307 | Snake:4  | Got a serpentine rune of Zot
 30331 | Snake:4  | XOM: god gift: 57 gold pieces
 30832 | Vaults:1 | Entered Level 1 of the Vaults
 30871 | Vaults:1 | XOM: scenery: 1 doors open, 1 doors close
 30885 | Vaults:1 | XOM: divination: detect items
 30892 | Vaults:1 | XOM: polymorph vault warden -> quicksilver dragon
 30897 | Vaults:1 | Reached XP level 20. HP: 107/158 MP: 13/20
 30908 | Vaults:1 | Identified the +1 chain mail "Oveirin" {rN++}
 31030 | Vaults:1 | Reached skill level 15 in Shields
 31118 | Vaults:1 | XOM: cleaving
 31153 | Vaults:1 | XOM: 1-stop teleportation journey
 31297 | Vaults:1 | XOM: give mutations
 31297 | Vaults:1 | Gained mutation: Your system is resistant to poisons.
                  | (rPois) [Xom's grace]
 31297 | Vaults:1 | Gained mutation: You are covered in fur. (AC +1) [Xom's
                  | grace]
 31297 | Vaults:1 | Gained mutation: Your movements are slightly less
                  | encumbered by armour. (ER -2) [Xom's grace]
 31297 | Vaults:1 | Gained mutation: You are agile. (Dex +2) [Xom's grace]
 31304 | Vaults:1 | XOM: scenery: 1 doors open, 1 doors close
 31307 | Vaults:1 | XOM: divine lightning
 31374 | Vaults:1 | XOM: give mutations
 31374 | Vaults:1 | Gained mutation: You passively dampen the noise of your
                  | surroundings. [Xom's grace]
 31374 | Vaults:1 | Gained mutation: Your movements are less encumbered by
                  | armour. (ER -4) [Xom's grace]
 31458 | Vaults:1 | XOM: god gift: book of Hexes
 31604 | Vaults:1 | XOM: 1-stop teleportation journey
 31650 | Vaults:1 | Reached skill level 14 in Evocations
 31652 | Vaults:1 | XOM: give mutations
 31652 | Vaults:1 | Gained mutation: You are very agile. (Dex +4) [Xom's grace]
 31652 | Vaults:1 | Gained mutation: You have hidden genetic potential. [Xom's
                  | grace]
 31652 | Vaults:1 | Gained mutation: You have a pair of small horns on your
                  | head. [Xom's grace]
 31662 | Vaults:1 | XOM: cast spell 'Alistair's Intoxication'
 31667 | Vaults:1 | XOM: confusion (+ monsters)
 31731 | Vaults:1 | Found a flickering gateway to a bazaar.
 31778 | Vaults:1 | XOM: 5-stop teleportation journey
 31834 | Bazaar   | Entered a bazaar
 31848 | Bazaar   | Found Aphab's Armour Emporium.
 31864 | Bazaar   | Found Koyss's Book Emporium.
 31880 | Bazaar   | Found Ynesuso's Armour Shoppe.
 31880 | Bazaar   | Found Jinaov's Magic Scroll Emporium.
 31916 | Bazaar   | Bought a scroll of fear for 38 gold pieces
 31916 | Bazaar   | Bought a scroll of fog for 22 gold pieces
 31916 | Bazaar   | Bought a scroll of acquirement for 572 gold pieces
 31916 | Bazaar   | Bought a scroll of magic mapping for 38 gold pieces
 31916 | Bazaar   | Bought a scroll of magic mapping for 38 gold pieces
 31916 | Bazaar   | Bought a scroll of immolation for 38 gold pieces
 32218 | Vaults:2 | XOM: silly message
 32220 | Vaults:2 | XOM: summons friendly white imp
 32232 | Vaults:2 | XOM: polymorph ironbound preserver -> something unseen
 32245 | Vaults:2 | XOM: fog
 32365 | Vaults:2 | XOM: polymorph deep troll -> moth of wrath
 32486 | Vaults:2 | Reached skill level 15 in Evocations
 32585 | Vaults:2 | XOM: summons friendly white imp
 32594 | Vaults:2 | XOM: confusion (+ monsters)
 32659 | Vaults:2 | XOM: confuse monster(s)
 32780 | Vaults:2 | XOM: 2-stop teleportation journey
 32809 | Vaults:2 | XOM: silly message
 32813 | Vaults:2 | XOM: blink monster(s)
 32818 | Vaults:2 | XOM: polymorph lindwurm -> deep troll
 32821 | Vaults:2 | Reached skill level 16 in Evocations
 32962 | Vaults:2 | XOM: swap monsters
 32985 | Vaults:2 | XOM: 1-stop teleportation journey
 33026 | Vaults:2 | XOM: swap monsters
 33124 | Vaults:2 | Reached skill level 17 in Evocations
 33128 | Vaults:2 | Noticed Jory
 33132 | Vaults:2 | XOM: 2-stop teleportation journey
 33323 | Vaults:2 | XOM: noise
 33379 | Vaults:2 | XOM: swap monsters
 33401 | Vaults:2 | Found a staircase to the Crypt.
 33448 | Vaults:2 | XOM: torment (95/158 hp)
 33573 | Vaults:2 | Killed Jory
 33623 | Vaults:2 | XOM: scenery: 2 doors close
 33642 | Vaults:2 | XOM: polymorph large slime creature -> shining eye
 33648 | Vaults:2 | XOM: polymorph enormous slime creature -> floating eye
 33654 | Vaults:2 | Reached XP level 21. HP: 138/164 MP: 15/21
 33767 | Vaults:2 | XOM: give mutations
 33767 | Vaults:2 | Lost mutation: You have sharp fingernails. [Xom's mischief]
 33767 | Vaults:2 | Lost mutation: You passively dampen the noise of your
                  | surroundings. [Xom's mischief]
 33818 | Vaults:2 | XOM: blink monster(s)
 33827 | Vaults:2 | Reached skill level 18 in Evocations
 33889 | Vaults:2 | Lost mutation: You are frail. (-10% HP) [hidden potential]
 34138 | Vaults:3 | Found a crumbling gateway.
 34143 | Desolati | XOM: stealth player
 34143 | Desolati | Entered the Desolation of Salt
 34178 | Desolati | XOM: confusion (+ monsters)
 34195 | Desolati | Reached skill level 9 in Armour
 34210 | Desolati | XOM: destruction
 34258 | Desolati | XOM: swap monsters
 34374 | Desolati | Identified the ring "Qualiafo" {*Slow rPois rCorr Dex-4
                  | SInv}
 34395 | Desolati | XOM: noise
 34417 | Desolati | XOM: give mutations
 34417 | Desolati | Lost mutation: You have a pair of small horns on your head.
                  | [Xom's mischief]
 34417 | Desolati | Lost mutation: You are very agile. (Dex +4) [Xom's
                  | mischief]
 34440 | Desolati | Identified the amulet "Kasazau" {RegenMP Str+6 Dex+3}
 34449 | Desolati | Identified the +5 chain mail of Lonic {rN+ Str-4 Stlth+}
 34449 | Desolati | XOM: chaos upgrade
 34470 | Desolati | XOM: cast spell 'Leda's Liquefaction'
 34527 | Desolati | XOM: divination: magic mapping
 34529 | Desolati | Reached skill level 10 in Armour
 34552 | Desolati | XOM: give mutations
 34552 | Desolati | Lost mutation: You are agile. (Dex +2) [Xom's mischief]
 34552 | Desolati | Gained mutation: You occasionally shout uncontrollably at
                  | your foes. [Xom's mischief]
 34623 | Desolati | Identified the +3 chain mail of Gozag's Inspiration {rElec
                  | rF+++ Str-3}
 34640 | Desolati | XOM: give mutations
 34640 | Desolati | Gained mutation: Potions are less effective at restoring
                  | your health. [Xom's mischief]
 34640 | Desolati | Lost mutation: Your spells are a little easier to cast, but
                  | a little less powerful. [Xom's mischief]
 34640 | Desolati | Lost mutation: Your body sometimes deteriorates upon taking
                  | damage. [Xom's mischief]
 34640 | Desolati | Lost mutation: Your system is resistant to poisons. (rPois)
                  | [Xom's mischief]
 34803 | Desolati | Identified the ring "Weywele" {rF+ MP+9}
 34813 | Desolati | XOM: cast spell 'Summon Mana Viper'
 34830 | Desolati | Got the Grimoire of the Igneous Frostbite
 34951 | Desolati | Got the Incunabulum of Confrontation and the Snowflakes
 35103 | Desolati | XOM: 2-stop teleportation journey
 35105 | Desolati | Reached skill level 11 in Armour
 35229 | Vaults:3 | Noticed Sojobo
 35237 | Vaults:3 | XOM: summons 10 friendly demons
 35265 | Vaults:3 | XOM: blink monster(s)
 35270 | Vaults:3 | XOM: 3-stop teleportation journey
 35745 | Vaults:3 | Found Mulyano's Antique Weapon Shop.
 35764 | Vaults:3 | Killed Sojobo
 35768 | Vaults:3 | XOM: cleaving
 35910 | Vaults:3 | XOM: blink monster(s)
 35916 | Vaults:3 | XOM: noise
 35972 | Vaults:2 | XOM: divination: magic mapping
 36081 | Vaults:3 | XOM: god gift: robe {god gift}
 36097 | Vaults:3 | Reached skill level 12 in Armour
 36110 | Vaults:3 | Reached XP level 22. HP: 190/190 MP: 19/22
 36487 | Vaults:4 | XOM: potion effect (invisibility)
 36489 | Vaults:4 | XOM: potion effect (haste)
 36546 | Vaults:4 | Reached skill level 21 in Dodging
 36583 | Vaults:4 | Gained mutation: You possess an exceptional clarity of
                  | mind. [hidden potential]
 36583 | Vaults:4 | Lost mutation: You have hidden genetic potential. [hidden
                  | potential expressed]
 36644 | Vaults:4 | Acquired 798 gold pieces
 36685 | Vaults:4 | XOM: potion effect (invisibility)
 36691 | Vaults:4 | XOM: destruction
 36697 | Vaults:4 | XOM: confuse monster(s)
 36736 | Vaults:4 | XOM: cleaving
 36745 | Vaults:4 | XOM: enchant monster (good)
 36888 | Vaults:4 | XOM: give mutation
 36888 | Vaults:4 | Gained mutation: You passively map a small area around you.
                  | [Xom's grace]
 36893 | Vaults:4 | Reached skill level 22 in Dodging
 36895 | Vaults:4 | XOM: summons friendly ufetubus
 36901 | Vaults:4 | XOM: divination: detect items
 36906 | Vaults:4 | XOM: enchant monster (bad)
 36961 | Vaults:4 | XOM: summons friendly ufetubus
 37144 | Vaults:4 | XOM: scenery: 2 doors close
 37210 | Vaults:4 | Found Isiodott's Book Shop.
 37249 | Vaults:4 | XOM: scenery: 1 doors open, 1 doors close
 37255 | Vaults:4 | XOM: potion effect (brilliance)
 37280 | Vaults:4 | XOM: cloud trail
 37367 | Vaults:4 | XOM: give mutations
 37367 | Vaults:4 | Gained mutation: Your system is resistant to poisons.
                  | (rPois) [Xom's grace]
 37367 | Vaults:4 | Gained mutation: Your muscles are strong. (Str +2) [Xom's
                  | grace]
 37367 | Vaults:4 | Gained mutation: You passively dampen the noise of your
                  | surroundings. [Xom's grace]
 37367 | Vaults:4 | Gained mutation: You are robust. (+10% HP) [Xom's grace]
 37477 | Vaults:4 | XOM: cleaving
 37596 | Vaults:4 | Reached skill level 23 in Dodging
 37604 | Vaults:4 | Succumbed to a vault warden's poison

Illustrated notes

Levels and vault maps discovered:
D:1:      ldierk_walled_garden_2, layout_loops_cross,
          hellmonk_ecumenical_altar_heavens_door, minmay_crystal_room
D:2:      layout_basic, serial_shops, nicolae_shop_window_shopping,
          roderic_serpentine_path, uniq_terence
D:3:      layout_rooms, gammafunk_ghost_abyssal_escape, uniq_grinder
D:4:      layout_gridville, cheibrodos_sewer_entry_drain, palyth_stone_intersect
D:5:      layout_basic, amcnicky_altar_gilded
D:6:      layout_basic, minmay_temple_entry_stoned_glass, enter_ossuary_5,
          uniq_eustachio, uniq_pikel
D:7:      layout_cave_pools, uniq_prince_ribbit1
D:8:      layout_rooms, erik_lair_island
D:9:      layout_long_grid, uniq_psyche, uniq_maurice
D:10:     layout_roguey
D:11:     layout_gridville, serial_co_window_serial, co_window_paths_b,
          co_window_paths_a, co_window_corner_a, co_window_paths_a,
          co_window_corner_a, co_window_paths_a, co_window_corner_b,
          co_window_broadway_c, co_window_unsneaky_path_c, co_window_broadway_a,
          co_window_4corner_b, co_window_paths_d, glass_columns_c,
          kennysheep_generic_room_13
D:12:     layout_irregular_city, zombieorc1_lemuel, kennysheep_generic_room_11,
          uniq_josephine
D:13:     layout_roguey, grunt_vaults_entry_fortified,
          nicolae_trove_entry_crossroad, serial_corexii_hall,
          chequers_hall_statues_wall_a, corexii_hall_statues_i, enter_bailey_5,
          minmay_misc_feat_roman, nicolae_qazlal_style_of_elements
D:14:     layout_basic, special_room [special_room_mythical_zoo],
          nemelex_altar_shiori, fedhas_altar_3
D:15:     grunt_enter_depths_magical_seal, layout_stronghold,
          cheibrodos_ashenzari_chains, gammafunk_ghost_crypt
Lair:1:   layout_gridlike, grunt_forest_large_clearing_hut,
          serial_bayou_shore_a, lemuel_fruit_fields
Lair:2:   layout_regular_city, cheibrodos_lair_lostbears, uniq_maggie,
          uniq_gastronok
Lair:3:   layout_long_grid, uniq_urug
Lair:4:   gammafunk_mikee_crab_dinner, layout_layer_cave,
          nicolae_swamp_entry_splash_gauntlet,
          minmay_snake_entry_guardpost_medium
Lair:5:   layout_small_grid, slime_altar_1
Lair:6:   grunt_lair_end_beastmaster, layout_loops_ring, portal_ice_cave_rime,
          uniq_sonja
Swamp:1:  layout_falls_marsh, evilmike_swamp_ruin_house_3
Swamp:2:  layout_basic_swamp, nicolae_swamp_stair_fork,
          infiniplex_staircase_pool, uniq_aizul
Swamp:3:  nicolae_swamp_standing_stones, layout_falls_marsh,
          nicolae_swamp_well_well_well
Swamp:4:  swamp_vile, layout_basic_swamp, swamp_pool2,
          cheibrodos_swamp_pet_leeches
Snake:1:  layout_layer_cave, uniq_frances
Snake:2:  nicolae_snake_unarmed_stairs_patrol, layout_layer_cave, serial_shops,
          shop_coins, nicolae_diamond_shop, shop, nicolae_shop_statue_plus,
          shop_fountains, guppyfry_library_mini, serial_bayou_shore_b,
          uniq_asterion
Snake:3:  layout_rooms, basic_altar, uniq_kirke
Snake:4:  snake_pit_salamanders_mu, layout_grid_maze, st_stairs_8,
          nicolae_snake_serpentine_bazaar, lemuel_fruit_tree, uniq_agnes
Orc:1:    layout_caves, basic_altar, uniq_fannar
Orc:2:    grunt_orc_cross, layout_diamond_mine, serial_shops, shop_coins,
          nicolae_shop_gadgets, uniq_rupert
Vaults:1: hangedman_vaults_restitches, vaults_mumra_lcd, v_misc_11,
          nicolae_vaults_windows_and_doors_thing, nicolae_vaults_network_s,
          layout_vaults_big_room, serial_shops, bzr_entry_road
Vaults:2: minmay_crypt_entry_simple_plaza, nicolae_vaults_diagonal_hallway_9,
          v_rooms_5, nicolae_vaults_big_ls, dpeg_vaults_monster_box,
          vaults_room_grunt_arrival_checkpoint, layout_vaults_omnigrid,
          uniq_jory
Vaults:3: portal_desolation_entry_nicolae_nacl,
          hangedman_vaults_stretched_pinwheel, nicolae_vaults_angled_halls,
          ontoclasm_vaults_shuriken, hangedman_vaults_slice,
          ontoclasm_vaults_ring_large, vaults_room_grunt_arrival_ludios,
          vaults_room_door_ring, vaults_mumra_minichess_inversion,
          vaults_dpeg_cross, nicolae_vaults_little_squares_1,
          layout_vaults_omnibox, serial_glass, serial_shops, nicolae_shop_stone,
          uniq_sojobo
Vaults:4: vaults_room_hallway, st_eye, hangedman_vaults_trim, v_rooms_6,
          nicolae_vaults_little_squares_3, nicolae_vaults_sealed_display,
          vaults_room_semicircle, v_misc_28, nicolae_vaults_mini_display_case,
          ontoclasm_vaults_decontamination, vaults_dpeg_doors,
          vaults_dpeg_hooks, serial_ice_g, nicolae_vaults_specimen_jars,
          layout_vaults_maze_snakey, serial_shops, shop, uniq_xtahua

Skill      XL: |  1  2  3  4  5  6  7  8  9 10 11 12 13 14 15 16 17 18 19 20 21 22 |
---------------+-------------------------------------------------------------------+-----
Stealth        | 1 2 3 |  3.0
Polearms       | 5 6 7 8 10 12 14 16 18 20 | 20.0
Fighting       | 4 5 6 7 8 9 11 12 14 16 17 18 20 | 20.0
Dodging        | 3 6 7 9 11 13 16 18 19 20 23 | 23.0
Evocations     | 1 4 7 12 13 17 18 | 18.0
Shields        | 3 4 8 14 15 | 15.0
Armour         | 4 8 12 | 12.0

Action                   |  1- 3 |  4- 6 |  7- 9 | 10-12 | 13-15 | 16-18 | 19-21 | 22-24 || total
-------------------------+-------+-------+-------+-------+-------+-------+-------+-------++-------
Melee: Spear             |    79 |   180 |    31 |       |       |       |       |       ||   290
       Tailslap          |       |     5 |       |       |       |    32 |     2 |       ||    39
       Glaive            |       |       |    94 |   248 |   257 |       |       |       ||   599
       Demon trident     |       |       |       |    14 |   373 |  1452 |  1629 |   364 ||  3832
       Headbutt          |       |       |       |       |       |       |   187 |       ||   187
Throw: Stone             |    41 |     4 |       |       |       |       |       |       ||    45
       Boomerang         |       |    17 |    19 |    11 |       |     1 |       |       ||    48
       Dart              |       |       |       |       |       |     2 |       |       ||     2
Evoke: Wand              |       |     4 |       |     9 |     5 |     8 |    17 |       ||    43
       Condenser vane    |       |       |       |       |     2 |     1 |     5 |       ||     8
       Tin of tremorston |       |       |       |       |       |     8 |     8 |     3 ||    19
       Phial of floods   |       |       |       |       |       |     1 |     1 |       ||     2
       Phantom mirror    |       |       |       |       |       |       |     4 |       ||     4
       Box of beasts     |       |       |       |       |       |       |     3 |       ||     3
  Use: Scroll            |     1 |     5 |     8 |     5 |    13 |     8 |     7 |     2 ||    49
       Potion            |       |     1 |       |       |     3 |     5 |     6 |     1 ||    16
 Stab: Sleeping          |     4 |    10 |     7 |    10 |     6 |    10 |     5 |       ||    52
       Paralysed         |     1 |     1 |       |       |       |     2 |     2 |       ||     6
       Distracted        |       |       |       |     1 |     9 |     5 |     9 |       ||    24
       Petrified         |       |       |       |       |     4 |       |       |       ||     4
       Confused          |       |       |       |       |     1 |    11 |    27 |    10 ||    49
       Petrifying        |       |       |       |       |       |       |     2 |       ||     2
       Invisible         |       |       |       |       |       |       |       |    11 ||    11
Armor: Leather armour    |    10 |    51 |    18 |    10 |       |       |       |       ||    89
       Steam dragon scal |       |       |       |     1 |       |       |       |       ||     1
       Swamp dragon scal |       |       |       |    16 |    74 |   264 |    45 |       ||   399
       Skin              |       |       |       |       |       |       |     2 |       ||     2
       Chain mail        |       |       |       |       |       |       |   139 |    50 ||   189
Dodge: Dodged            |    25 |    54 |    40 |   137 |   298 |   873 |   770 |   131 ||  2328
Block: Buckler           |       |       |       |       |    45 |   313 |   134 |       ||   492
       Kite shield       |       |       |       |       |       |       |   468 |    95 ||   563

Table legend: (Time is in decaauts)
 A = Elapsed time spent in this place.
 B = Non-inter-level travel time spent in this place.
 C = Inter-level travel time spent in this place.
 D = Time resting spent in this place.
 E = Time spent auto-exploring this place.
 F = Levels seen in this place.
 G = Mean time per level.
                   A        B        C        D        E       F      G
               +--------+--------+--------+--------+--------+-----+--------+
         Total |  35488 |  33251 |   2237 |   1976 |  22193 |  40 |  887.2 |
       Dungeon |  12584 |  11626 |    958 |    584 |   8088 |  15 |  838.9 |
          Lair |   5996 |   5362 |    634 |    252 |   4002 |   6 |  999.3 |
         Swamp |   2308 |   2197 |    111 |    310 |   1283 |   4 |  577.0 |
     Snake Pit |   5008 |   4758 |    250 |    264 |   3375 |   4 | 1252.0 |
  Orcish Mines |   1895 |   1736 |    159 |     66 |   1048 |   2 |  947.5 |
        Vaults |   5142 |   5019 |    123 |    147 |   3480 |   4 | 1285.5 |
        Bazaar |    101 |    101 |      0 |      0 |     63 |   1 |  101.0 |
         Sewer |    514 |    514 |      0 |    100 |    200 |   1 |  514.0 |
        Bailey |    387 |    387 |      0 |      0 |    141 |   1 |  387.0 |
      Ice Cave |    640 |    640 |      0 |    193 |    125 |   1 |  640.0 |
    Desolation |    909 |    909 |      0 |     58 |    384 |   1 |  909.0 |
               +--------+--------+--------+--------+--------+-----+--------+

Top non-repeatable levels by time:
 Snake:4: 1908 daAuts
Vaults:2: 1693 daAuts
  Lair:4: 1513 daAuts
     D:2: 1478 daAuts
   Orc:2: 1405 daAuts
 Snake:1: 1351 daAuts
Vaults:1: 1278 daAuts
Vaults:3: 1195 daAuts
  Lair:2: 1164 daAuts
    D:12: 1158 daAuts
    D:11: 1010 daAuts
 Snake:2: 991 daAuts
Vaults:4: 975 daAuts
    D:13: 967 daAuts
  Lair:5: 965 daAuts
